 Dungeon Crawl Stone Soup version 0.24-a0-537-g2d01d4ab0a (webtiles) character file.

Game seed: 17046919555265421114

20787 Chiseanne the Fighter (level 12, -6/102 HPs)
             Began as a Mummy Wanderer on Aug 14, 2019.
             Was an Initiate of Gozag.
             Killed from afar by an ice statue (18 damage)
             ... with a bolt of cold
             ... in an ice cave on Aug 15, 2019.
             The game lasted 00:56:45 (17195 turns).

Chiseanne the Fighter (Mummy Wanderer)             Turns: 17195, Time: 00:56:45

Health: -6/102     AC: 29    Str: 15    XL:     12   Next: 48%
Magic:  15/15      EV:  6    Int: 13    God:    Gozag
Gold:   468        SH: 19    Dex: 15    Spells: 11/11 levels left

rFire    + . .     SeeInvis +   a - +5 spear (venom)
rCold    + . .     Gourm    .   A - +1 large shield
rNeg     + + +     Faith    .   s - +6 chain mail of Refuge {rPois}
rPois    ∞         Spirit   .   D - +1 helmet
rElec    .         Reflect  +   E - +2 cloak {+Inv}
rCorr    .         Harm     .   w - +1 pair of gloves
MR       +....                  r - +2 pair of boots
Stlth    ..........             q - +3 amulet of reflection
HPRegen  0.27/turn              n - ring of protection from fire
MPRegen  0.14/turn              C - ring "Jiset" {rF+ SInv}

@: no status effects
A: no food or potions, fire vulnerability, cold resistance 1, negative energy
resistance 3, torment resistance, unbreathing
a: Potion Petition, Call Merchant, Bribe Branch, Renounce Religion, Evoke
Invisibility


You were in an ice cave.
You worshipped Gozag.
Gozag was aware of your devotion.
You were not hungry.

You visited 2 branches of the dungeon, and saw 13 of its levels.
You visited 1 bazaar.
You also visited: Ice Cave.

You collected 3007 gold pieces.
You spent 1182 gold pieces at shops.
You paid 1357 gold pieces to Gozag.

Inventory:

Hand Weapons
 a - a +5 spear of venom (weapon)
 b - a +2 whip of freezing
 e - a +0 hunting sling
 h - a +2 quarterstaff of chaos
 v - a +0 vampiric spear
 x - a +2 trident of flaming
 B - a +1 falchion of electrocution
 J - the +6 hand axe "Waoroz" {flame, *Corrode MR+++ Str+4 Int-3}
   (You found it on level 11 of the Dungeon)

   It has been specially enchanted to burn those struck by it, causing extra
   injury to most foes and up to half again as much damage against particularly
   susceptible opponents.
   Big, fiery blades are also staple armaments of hydra-hunters.
   It affects your strength (+4).
   It affects your intelligence (-3).
   It affects your resistance to hostile enchantments.
   It may corrode you when you take damage.
Missiles
 f - 148 arrows
 j - 67 bolts
 k - 25 boomerangs (quivered)
 m - 25 stones
 o - 55 poisoned darts
 p - 52 sling bullets
Armour
 r - a +2 pair of boots (worn)
 s - the +6 chain mail of Refuge (worn) {rPois}
   (You bought it in a shop on level 9 of the Dungeon)

   It protects you from poison.
 w - a +1 pair of gloves (worn)
 A - a +1 large shield (worn)
 D - a +1 helmet (worn)
 E - a +2 cloak of invisibility (worn)
Jewellery
 l - an uncursed ring of protection from magic
 n - a ring of protection from fire (left hand)
 q - a +3 amulet of reflection (around neck)
 C - the ring "Jiset" (right hand) {rF+ SInv}
   (You bought it in a shop on level 10 of the Dungeon)

   [ring of see invisible]

   It protects you from fire.
   It lets you see invisible.
Wands
 d - a wand of flame (10)
 H - a wand of digging (5)
Scrolls
 c - 2 scrolls of teleportation
 i - 11 scrolls of remove curse
 t - a scroll of magic mapping
 u - 6 scrolls of identify
 y - a scroll of fog
 F - a scroll of fear
 G - a scroll of amnesia


   Skills:
 * Level 11.9 Fighting
 - Level 1.0 Polearms
 - Level 1.5 Throwing
 * Level 9.4 Armour
 - Level 6.4 Dodging
 - Level 1.5 Stealth
 * Level 7.5 Shields
 - Level 1.5 Unarmed Combat
 - Level 5.0 Evocations


You had 11 spell levels left.
You didn't know any spells.
Your spell library contained the following spells:

 Spells                   Type           Power        Failure   Level  Hunger
 Confusing Touch          Hex            #.....       100%        1    N/A
 Magic Dart               Conj           #...         100%        1    N/A
 Blink                    Tloc           N/A          100%        2    N/A
 Call Imp                 Summ           #.......     100%        2    N/A
 Slow                     Hex            #.......     100%        2    N/A
 Confuse                  Hex            #.......     100%        3    N/A
 Conjure Flame            Conj/Fire      #.......     100%        3    N/A
 Gell's Gravitas          Tloc           #.........   100%        3    N/A
 Mephitic Cloud           Conj/Pois/Air  #.......     100%        3    N/A
 Petrify                  Tmut/Erth      #.......     100%        4    N/A
 Metabolic Englaciation   Hex/Ice        #.........   100%        5    N/A
 Yara's Violent Unravell  Hex/Tmut       #.........   100%        5    N/A

Dungeon Overview and Level Annotations

Branches:
Dungeon (12/15)            Temple (1/1) D:7            Lair (0/6) D:11
    Orc (0/2) D:9

Altars:
Ashenzari
Cheibriados
Dithmenos
Elyvilon
Fedhas
Gozag
Hepliaklqana
Kikubaaqudgha
Makhleb
Nemelex Xobeh
Okawaru
Qazlal
Ru
Sif Muna
Trog
Uskayaw
Vehumet
Wu Jian
Xom
Yredelemnul
Zin
The Shining One
Beogh

Shops:
D:8 [   D:9 [   D:10 =

Annotations:
D:6 Edmund
D:9 Gastronok IceCv exclusion: ice statue


Innate Abilities, Weirdness & Mutations

You do not eat or drink.
Your flesh is vulnerable to fire.
You are immune to poison.
Your flesh is cold resistant. (rC+)
You are immune to negative energy. (rN+++)
You are immune to unholy pain and torment.
You can survive without breathing.


Message History

The death yak is heavily wounded.
The death yak gores you!!
* * * LOW HITPOINT WARNING * * *
The death yak gores you but does no damage.
The death yak gores you!
* * * LOW HITPOINT WARNING * * *
As you read the scroll of teleportation, it crumbles to dust.
You feel strangely unstable.
The wolf stops to sniff the ground.
Your surroundings suddenly seem different.
A wolf comes into view.
The wolf howls!
A wolf comes into view.
Marking area around the ice statue as unsafe for travelling.
An ice statue comes into view.
You block the wolf's attack. The ice statue gestures at you.
The bolt of cold hits you!! You resist.
You die...
Your body crumbles into a pile of gold.

## # .#
#. #.#
#. ##..
#..
##..#
#..#...#
#...h@#
##..8h#
##..##
#.. #.#
##


You could see an ice statue and 2 wolves.

Vanquished Creatures
  4 two-headed ogres
  An unseen horror (D:12)
  Pikel (D:4)
  An orc sorcerer (D:9)
  A centaur zombie (D:10)
  A gargoyle (D:11)
  A rime drake (D:12)
  A queen bee (D:8)
  A troll (D:8)
  2 hornets
  7 polar bears (IceCv)
  Prince Ribbit (D:6)
  Grinder (D:5)
  2 hippogriffs (D:10)
  Sigmund (D:2)
  A wyvern (D:10)
  20 yaks
  Eustachio (D:5)
  A hungry ghost (D:11)
  2 steam dragons
  Menkaure (D:5)
  9 wargs
  A black bear (D:11)
  3 porcupines
  3 floating eyes
  4 orc warriors
  3 ice beasts
  4 slaves (D:4)
  2 sky beasts
  3 eyes of draining
  4 phantoms
  A necrophage (D:9)
  4 ogres
  5 wolves (IceCv)
  3 centaurs
  2 big kobolds
  Blork the orc (D:4)
  6 bullfrogs
  2 gnoll sergeants
  8 scorpions
  23 killer bees
  6 wights
  5 jellies
  4 howler monkeys
  9 crimson imps
  A bullfrog zombie (D:5)
  A quasit (D:11)
  3 centaur skeletons
  Crazy Yiuf (D:5)
  A gnoll shaman (D:9)
  10 orc priests
  A bullfrog skeleton (D:9)
  7 hounds
  15 orc wizards
  Jessica (D:2)
  3 iguanas
  5 worker ants
  A hound zombie (D:10)
  2 hound skeletons
  A worker ant zombie (D:10)
  9 gnolls
  A howler monkey skeleton (D:5)
  12 adders
  3 shadow imps
  2 adder zombies
  3 worms
  3 dart slugs
  4 leopard geckos
  67 orcs
  4 ball pythons
  7 giant cockroaches
  6 goblins
  4 hobgoblins
  12 jackals
  7 quokkas
  7 bats
  5 frilled lizards
  10 kobolds
  A quokka skeleton (D:9)
  4 rats
391 creatures vanquished.

Vanquished Creatures (collateral kills)
  An orc knight (D:9)
  An orc warrior (D:9)
  An orc priest (D:9)
  An adder (D:6)
  4 orcs (D:9)
8 creatures vanquished.

Vanquished Creatures (others)
  A centaur (D:9)
  2 plants (D:9)
3 creatures vanquished.

Grand Total: 402 creatures vanquished

Notes
Turn   | Place    | Note
-------+----------+-------------------------------------------
     0 | D:1      | Chiseanne the Mummy Wanderer began the quest for the Orb.
     0 | D:1      | Chiseanne set off with the following items: a +2 dagger, 3
                  | curare-tipped darts, 2 scrolls of teleportation, a +0 robe
     0 | D:1      | Reached XP level 1. HP: 16/16 MP: 1/1
   278 | D:1      | Reached XP level 2. HP: 22/23 MP: 2/2
   684 | D:1      | Reached skill level 3 in Fighting
   930 | D:1      | Reached XP level 3. HP: 29/29 MP: 3/3
  1342 | D:2      | Noticed Jessica
  1363 | D:2      | Killed Jessica
  1419 | D:2      | Found a blossoming altar of Fedhas.
  1523 | D:2      | Reached XP level 4. HP: 35/35 MP: 4/4
  1858 | D:2      | Noticed Sigmund
  1870 | D:2      | Killed Sigmund
  1870 | D:2      | Reached skill level 4 in Fighting
  1870 | D:2      | Reached XP level 5. HP: 34/43 MP: 5/5
  2340 | D:3      | Found a glowing golden altar of the Shining One.
  2340 | D:3      | Found an ornate altar of the Wu Jian Council.
  2395 | D:3      | Reached XP level 6. HP: 45/49 MP: 6/6
  2477 | D:3      | Found a sparkling altar of Nemelex Xobeh.
  2731 | D:4      | Reached skill level 1 in Armour
  2731 | D:4      | Reached skill level 1 in Evocations
  2785 | D:4      | Reached skill level 5 in Fighting
  3023 | D:4      | Reached XP level 7. HP: 45/56 MP: 8/8
  3664 | D:4      | Noticed Pikel
  3673 | D:4      | Killed Pikel
  3673 | D:4      | Reached XP level 8. HP: 64/64 MP: 8/10
  3874 | D:5      | Entered Level 5 of the Dungeon
  3876 | D:5      | Reached skill level 6 in Fighting
  4113 | D:5      | Noticed Eustachio
  4168 | D:5      | Killed Eustachio
  4273 | D:5      | Noticed Menkaure
  4280 | D:5      | Killed Menkaure
  4280 | D:5      | Reached skill level 5 in Dodging
  4939 | D:5      | Noticed Grinder
  4942 | D:5      | Paralysed by Grinder for 4 turns
  4964 | D:5      | Killed Grinder
  5006 | D:5      | Found a runed translucent door.
  5007 | D:5      | Noticed Crazy Yiuf
  5016 | D:5      | Killed Crazy Yiuf
  5815 | D:4      | Reached XP level 9. HP: 55/71 MP: 10/12
  5921 | D:4      | Noticed Blork the orc
  5936 | D:4      | Killed Blork the orc
  5948 | D:4      | Reached skill level 7 in Fighting
  6533 | D:6      | Noticed Prince Ribbit
  6551 | D:6      | Killed Prince Ribbit
  7333 | D:6      | Noticed Edmund
  7787 | D:6      | Found a shimmering altar of Xom.
  7824 | D:6      | Found a basalt altar of Yredelemnul.
  7825 | D:6      | Found a sacrificial altar of Ru.
  7839 | D:6      | Found a glowing silver altar of Zin.
  7967 | D:7      | Found a staircase to the Ecumenical Temple.
  7980 | Temple   | Entered the Ecumenical Temple
  8190 | Temple   | Became a worshipper of Gozag Ym Sagoz the Greedy
  8433 | D:7      | Reached skill level 5 in Evocations
  8540 | D:7      | Reached skill level 5 in Armour
  8763 | D:7      | Reached skill level 8 in Fighting
  9228 | D:8      | Reached XP level 10. HP: 75/80 MP: 13/13
  9349 | D:8      | Reached skill level 1 in Shields
  9868 | D:9      | Found Cecuimp's Antique Armour Shop.
 10180 | D:9      | Bought a warped chain mail for 256 gold pieces
 10181 | D:9      | Identified the +6 chain mail of Refuge {rPois} (You bought
                  | it in a shop on level 9 of the Dungeon)
 10223 | D:9      | Found an opulent altar of Gozag.
 10310 | D:9      | Noticed Gastronok
 10351 | D:9      | Found a staircase to the Orcish Mines.
 10366 | D:10     | Entered Level 10 of the Dungeon
 10532 | D:10     | Noticed a two-headed ogre
 10911 | D:9      | Reached skill level 9 in Fighting
 11394 | D:9      | Noticed a two-headed ogre
 11928 | D:9      | Found a roughly hewn altar of Beogh.
 12119 | D:9      | Reached XP level 11. HP: 79/90 MP: 14/14
 12365 | D:9      | Noticed an orc sorcerer
 12380 | D:9      | Paralysed by an orc sorcerer for 5 turns
 12382 | D:9      | Noticed a sun demon
 12383 | D:9      | Killed an orc sorcerer
 12396 | D:9      | Noticed an orc knight
 12443 | D:9      | Killed an orc knight
 12443 | D:9      | Reached skill level 10 in Fighting
 12776 | D:9      | Killed a two-headed ogre
 12776 | D:9      | Reached skill level 5 in Shields
 13389 | D:9      | Killed a two-headed ogre
 13737 | D:10     | Bought the ring "Jiset" {rF+ SInv} for 377 gold pieces
 14783 | D:10     | Reached skill level 11 in Fighting
 15005 | D:11     | Got an ancient hand axe
 15023 | D:11     | Identified the +6 hand axe "Waoroz" {flame, *Corrode MR+++
                  | Str+4 Int-3} (You found it on level 11 of the Dungeon)
 15228 | D:11     | Noticed a two-headed ogre
 15236 | D:11     | Killed a two-headed ogre
 15236 | D:11     | Reached XP level 12. HP: 64/100 MP: 15/15
 15242 | D:11     | Found a flickering gateway to a bazaar.
 15251 | Bazaar   | Entered a bazaar
 15251 | Bazaar   | Found Fykocar's Weapon Boutique.
 15251 | Bazaar   | Found Medostra's Antique Weapon Shop.
 15251 | Bazaar   | Found Dothinif's Antique Armour Shop.
 15265 | Bazaar   | Bought a bloodstained short sword for 264 gold pieces
 15267 | Bazaar   | Identified the cursed +0 short sword of Daazeoph {venom,
                  | rPois Int+2} (You bought it in a shop in a bazaar)
 15274 | Bazaar   | Bought a glowing cloak for 285 gold pieces
 15512 | D:11     | Noticed a two-headed ogre
 15529 | D:11     | Killed a two-headed ogre
 15726 | D:11     | Found a staircase to the Lair.
 15913 | D:12     | Noticed a centaur warrior
 16137 | D:12     | a centaur warrior changed into a floating eye
 16537 | D:12     | Found a frozen archway.
 16548 | IceCv    | Entered an ice cave
 17158 | IceCv    | Noticed a death yak
 17195 | IceCv    | Killed from afar by an ice statue

Levels and vault maps discovered:
D:1:      lightli_arrival_noodles, layout_loops_ring,
          corexii_item_surrounded_by_moat, grunt_decor_mini_mirrors
D:2:      minmay_wonky_spiral, layout_loops_ring, fedhas_ov_isle_minmay,
          first_ration, dk_noncrumbling_3, uniq_sigmund, uniq_jessica
D:3:      layout_loops_ring, gammafunk_temple_overflow_wave,
          nemelex_xobeh_ov_fountains_minmay
D:4:      layout_layer_cave, nrook_uturn, kennysheep_generic_room_9,
          uniq_blork_the_orc, uniq_pikel
D:5:      layout_layer_cave, uniq_menkaure, uniq_crazy_yiuf_cottage,
          uniq_eustachio, uniq_grinder
D:6:      layout_gridville, nicolae_overflow_quartered_altars,
          patterned_corridor, uniq_prince_ribbit1, uniq_edmund
D:7:      layout_basic, minmay_temple_entry_grid
D:8:      layout_rooms
D:9:      lemuel_castle_with_subvaults [lemuel_castle_interior_carwin_1],
          layout_irregular_city, minmay_orc_entry_temple_small, basic_altar,
          serial_shops, shop, david_nohive_1, onia_ninara_cookie, uniq_gastronok
D:10:     layout_cave_pods, solitary_fountain
D:11:     layout_cave_pools, grunt_lair_entry_orc_guard_hut, serial_shops,
          bzr_firewalk
D:12:     layout_cross, portal_ice_cave_rime, serial_column_ruins,
          column_ruins_hut, column_ruins_hut, column_ruins_grid_1,
          column_ruins_grid_2, column_ruins_columns_corner, chequers_jeans,
          kennysheep_cross_room
Temple:   regret_index_temple_generic_petals
IceCv:    ice_cave_caverns_01

Skill      XL: |  1  2  3  4  5  6  7  8  9 10 11 12 |
---------------+-------------------------------------+-----
Fighting       | 3 4 5 6 8 9 11 | 11.9
Dodging        | 2 3 4 5 6 |  6.4
Armour         | 1 2 4 5 7 8 9 |  9.4
Evocations     | 1 2 4 5 |  5.0
Shields        | 4 6 7 |  7.5
Polearms       | |  1.0
Throwing       | |  1.5
Stealth        | |  1.5
Unarmed Combat | |  1.5

Action                   |  1- 3 |  4- 6 |  7- 9 | 10-12 || total
-------------------------+-------+-------+-------+-------++-------
Melee: Dagger            |   140 |       |       |       ||   140
       Short sword       |       |    80 |   246 |       ||   326
       Quarterstaff      |       |     3 |    38 |       ||    41
       Spear             |       |       |   141 |  1165 ||  1306
       Hand axe          |       |       |       |     6 ||     6
 Fire: Hunting sling     |       |       |    21 |       ||    21
Throw: Dart              |     2 |     3 |    56 |    16 ||    77
       Boomerang         |       |    13 |    20 |    69 ||   102
Invok: Call Merchant     |       |       |       |     2 ||     2
Evoke: Wand              |       |     4 |     9 |    11 ||    24
       Sack of spiders   |       |       |       |     4 ||     4
  Use: Scroll            |     2 |     3 |     7 |    16 ||    28
 Stab: Sleeping          |       |       |     1 |     1 ||     2
       Distracted        |       |       |     1 |     2 ||     3
Armor: Leather armour    |    17 |       |       |       ||    17
       Ring mail         |    30 |    13 |   126 |    38 ||   207
       Chain mail        |       |       |       |   667 ||   667
Dodge: Dodged            |    72 |    49 |   354 |   247 ||   722
Block: Large shield      |       |       |    12 |  1291 ||  1303
       Other             |       |       |     1 |       ||     1
       Reflection        |       |       |       |    24 ||    24

Table legend:
 A = Non-vault XP
 B = Vault XP
 C = Vault XP percentage of total XP
 D = Non-vault monster count
 E = Vault monster count
 F = Vault count percentage of total count
                 A         B        C        D         E       F
            +---------+---------+-------+---------+---------+-------
      Total |   16075 |   13621 |  45.9 |     267 |     129 |  32.6
            +---------+---------+-------+---------+---------+-------
        D:1 |      48 |       0 |   0.0 |      27 |       0 |   0.0
        D:2 |      19 |     262 |  93.2 |       7 |       5 |  41.7
        D:3 |      77 |       0 |   0.0 |      14 |       0 |   0.0
        D:4 |     918 |     775 |  45.8 |      29 |       2 |   6.5
        D:5 |     321 |     660 |  67.3 |      14 |       4 |  22.2
        D:6 |     673 |     268 |  28.5 |      17 |       1 |   5.6
        D:7 |     990 |       0 |   0.0 |      21 |       0 |   0.0
        D:8 |    1041 |     938 |  47.4 |      24 |       5 |  17.2
        D:9 |    1887 |    5962 |  76.0 |      23 |      87 |  79.1
       D:10 |    4736 |     267 |   5.3 |      54 |       3 |   5.3
       D:11 |    4185 |     491 |  10.5 |      26 |       4 |  13.3
       D:12 |    1180 |     381 |  24.4 |      11 |       1 |   8.3
      IceCv |       0 |    3617 | 100.0 |       0 |      17 | 100.0
            +---------+---------+-------+---------+---------+-------
